 Dungeon Sprint DCSS version 0.21.1-1-g345015f (webtiles) character file.

8260 Fang the Impaler (level 11, -15/124 HPs)
             Began as a Gargoyle Berserker on May 17, 2018.
             Was the Champion of Trog.
             Demolished by a halberd of distortion (16 damage)
             ... in the Dungeon (Sprint V: "Ziggurat Sprint").
             The game lasted 00:05:00 (970 turns).

Fang the Impaler (Gargoyle Berserker)                Turns: 970, Time: 00:05:01

Health: -15/124    AC: 28    Str: 35    XL:     11   Next: 28%
Magic:  11/11      EV: 12    Int:  8    God:    Trog [******]
Gold:   0          SH:  0    Dex:  9    Spells: 10/10 levels left

rFire    . . .     SeeInvis .   L - +3 battleaxe (elec)
rCold    . . .     Gourm    .   (shield currently unavailable)
rNeg     + . .     Faith    .   j - +5 shadow dragon scales
rPois    ∞         Spirit   .   (no helmet)
rElec    +         Reflect  .   (no cloak)
rCorr    .         Harm     +   (no gloves)
MR       .....     NoTele   +   (no boots)
Stlth    ..........             H - amulet of Ulor {Harm *Drain rElec Slay+2}
HPRegen  0.30/turn              G - ring of flight
MPRegen  0.12/turn              F - +6 ring of strength

@: berserking, studying Polearms, very quick
A: negative energy resistance 1, electricity resistance, unbreathing,
petrification resistance, rot immunity, AC +8
a: Berserk, Trog's Hand, Brothers in Arms, Burn Spellbooks, Renounce Religion,
Evoke Flight


You were in the Dungeon.
You worshipped Trog.
Trog was exalted by your worship.
You were hungry.

You visited 1 branch

Inventory:

Hand Weapons
 l - a +5 demon trident of venom
 L - a +3 battleaxe of electrocution (weapon)
Missiles
 B - 6 tomahawks of returning (quivered)
Armour
 j - +5 shadow dragon scales (worn)
Jewellery
 b - an uncursed ring of protection from fire
 k - an uncursed ring of positive energy
 F - a +6 ring of strength (right hand)
 G - a ring of flight (left hand)
 H - the amulet of Ulor (around neck) {Harm *Drain rElec Slay+2}
   (You found it in the Dungeon)

   [amulet of harm]

   It increases damage dealt and taken.
   It affects your accuracy and damage with ranged weapons and melee attacks
   (+2).
   It insulates you from electricity.
   It causes draining when unequipped.
 K - the ring of Ethics {rC+ Slay+3 SInv}
   (You found it in the Dungeon)

   [ring of protection from cold]

   It affects your accuracy and damage with ranged weapons and melee attacks
   (+3).
   It protects you from cold.
   It lets you see invisible.
 M - the ring of the Zebra {Fire -Tele rElec rN+ MR+}
   (You found it in the Dungeon)

   [ring of fire]

   It enhances your fire magic.
   It protects you from fire.
   It makes you vulnerable to cold.
   It insulates you from electricity.
   It protects you from negative energy.
   It affects your resistance to hostile enchantments.
   It prevents most forms of teleportation.
Wands
 x - a wand of disintegration (7)
 y - a wand of iceblast (7)
 z - a wand of acid (7)
Scrolls
 i - 4 scrolls of blinking
 m - 7 scrolls of fog
 n - a scroll of holy word
 o - 5 scrolls of identify
 p - 5 scrolls of remove curse
 q - 2 scrolls of fear
 E - 4 scrolls of enchant armour
Potions
 d - 10 potions of curing
 e - 12 potions of heal wounds
 f - 6 potions of haste
 g - 7 potions of magic
 h - 3 potions of berserk rage
 r - 2 potions of brilliance
 s - 2 potions of invisibility
 t - 4 potions of resistance
 u - a potion of experience
 v - 5 potions of agility
 w - 5 potions of might
Books
 I - a manual of Polearms
 J - the Collected Works on Contamination and Aid
   (You found it in the Dungeon)

   Spells                             Type                      Level
   a - Shroud of Golubria             Charms/Translocation         2
   b - Poisonous Vapours              Poison/Air                   2
   c - Mephitic Cloud                 Conjuration/Poison/Air       3
   d - Excruciating Wounds            Charms/Necromancy            5
   e - Ring of Flames                 Charms/Fire                  7
   Trog disapproves of the use of such an item.
Miscellaneous
 a - a lamp of fire
 C - a lamp of fire
Comestibles
 c - 7 rations
 D - 29 chunks of flesh


   Skills:
 + Level 15.6 Fighting
 + Level 11.0(14.6) Axes
 + Level 15.7(16.8) Polearms
 + Level 11.1 Armour
 + Level 6.3 Dodging


You had 10 spell levels left.
You didn't know any spells.

Dungeon Overview and Level Annotations

Branches:
Dungeon (1/1)

Altars:
Ashenzari
Cheibriados
Dithmenos
Elyvilon
Fedhas
Gozag
Hepliaklqana
Kikubaaqudgha
Makhleb
Nemelex Xobeh
Okawaru
Qazlal
Ru
Sif Muna
Trog
Uskayaw
Vehumet
Wu Jian
Xom
Yredelemnul
Zin
The Shining One
Beogh
Jiyva
Lugonu

Annotations:
D 1 transporter


Innate Abilities, Weirdness & Mutations

You are resistant to torment.
Your stone body is resilient. (AC +8)
You are immune to poison.
You resist negative energy. (rN+)
You are resistant to electric shocks. (rElec)
You can survive without breathing.
You are immune to petrification.
You are immune to rotting.


Message History

You slash the deep elf mage! You miss the deep elf archer.
The fire elemental hits you. The fire elemental burns you!
* * * LOW HITPOINT WARNING * * *
The halberd of distortion hits you but does no damage.
Space bends around you.
* * * LOW HITPOINT WARNING * * *
The deep elf archer hits you but does no damage.
The deep elf mage hits you but does no damage.
You cut the fire elemental into ribbons!!!
You feel the power of Trog in you as your rage grows.
You destroy the fire elemental!
You hit the deep elf mage. You barely miss the deep elf mage.
You hit the deep elf archer.
The deep elf archer shoots an arrow.
The arrow hits you.
* * * LOW HITPOINT WARNING * * *
The halberd of distortion completely misses you.
The deep elf mage hits you but does no damage.
The deep elf archer blinks!
The halberd of distortion hits you from afar!
You die...

▓....(...(▓.▓.).▓.▓
▓....©....▓...©...▓
▓▓▓▓▓▓▓▓▓▓▓▓▓▓▓▓▓▓▓
▓...8©8...▓
▓..|e)"e..▓
▓...:=)...▓
▓.........▓
▓......§..▓
▓...(e@...▓
▓...)e)...▓
▓.▓....§▓.▓
▓....©....▓
▓▓▓▓▓▓▓▓▓▓▓


You could see 2 deep elf archers, 2 deep elf magi and a halberd of distortion.

Vanquished Creatures
  A deep elf death mage (D)
  A dancing weapon (D)
  A two-headed ogre (D)
  An orc high priest (D)
  A deep elf knight (D)
  A spriggan druid (D)
  2 cyclopes (D)
  A komodo dragon (D)
  4 merfolk (D)
  A troll (D)
  A hornet (D)
  A hippogriff (D)
  A slime creature (D)
  2 spriggans (D)
  2 yaks (D)
  A golden eye (D)
  A porcupine (D)
  2 black bears (D)
  2 eyes of draining (D)
  An ogre (D)
  2 wolves (D)
  5 centaurs (D)
  2 jellies (D)
  An orc priest (D)
  2 orc wizards (D)
  A river rat (D)
  A shadow imp (D)
  An ufetubus (D)
  An ooze (D)
  An adder zombie (D)
  An orc (D)
  A bat zombie (D)
  A jackal (D)
  2 quokka skeletons (D)
50 creatures vanquished.

Notes
Turn   | Place    | Note
-------+----------+-------------------------------------------
     0 | D        | Found the +6 Majin-Bo {vamp, Archmagi MP+6 Int+6}
     0 | D        | Found the +7 great mace "Firestarter" {inner flame, rF++}
     0 | D        | Fang the Gargoyle Berserker began the quest for the Orb.
     0 | D        | Reached XP level 1. HP: 14/14 MP: 1/1
     3 | D        | Found a blossoming altar of Fedhas.
     4 | D        | Found a viscous altar of Jiyva.
     4 | D        | Found a hazy altar of Hepliaklqana.
     4 | D        | Found a transporter.
     4 | D        | Found an opulent altar of Gozag.
     4 | D        | Found an ancient bone altar of Kikubaaqudgha.
     4 | D        | Found a corrupted altar of Lugonu.
     5 | D        | Banished a spatial maelstrom
    10 | D        | Found a burning altar of Makhleb.
    11 | D        | Found a stormy altar of Qazlal.
    11 | D        | Found a sacrificial altar of Ru.
    11 | D        | Found an iron altar of Okawaru.
    11 | D        | Found a deep blue altar of Sif Muna.
    11 | D        | Found a sparkling altar of Nemelex Xobeh.
    11 | D        | Found a bloodstained altar of Trog.
    77 | D        | Entered arena 2.
    77 | D        | Noticed a jelly
    77 | D        | Noticed an eye of draining
    77 | D        | Found a transporter.
    79 | D        | Killed a jelly
    79 | D        | Reached skill level 5 in Fighting
    79 | D        | Reached XP level 2. HP: 21/21 MP: 0/2
    79 | D        | Reached XP level 3. HP: 26/26 MP: 0/3
    81 | D        | Killed an eye of draining
    81 | D        | Reached skill level 5 in Axes
    81 | D        | Reached XP level 4. HP: 34/34 MP: 0/4
    86 | D        | Reached ** piety under Trog
   124 | D        | Entered arena 3.
   124 | D        | Noticed a troll
   124 | D        | Noticed a two-headed ogre
   124 | D        | Noticed an ogre
   124 | D        | Found a transporter.
   131 | D        | Killed a troll
   131 | D        | Reached skill level 1 in Polearms
   131 | D        | Reached skill level 5 in Armour
   131 | D        | Reached XP level 5. HP: 41/41 MP: 5/5
   131 | D        | Reached XP level 6. HP: 47/47 MP: 6/6
   134 | D        | Killed a two-headed ogre
   134 | D        | Reached *** piety under Trog
   134 | D        | Reached XP level 7. HP: 43/56 MP: 7/7
   134 | D        | Reached XP level 8. HP: 46/60 MP: 8/8
   271 | D        | Entered arena 4.
   271 | D        | Found a transporter.
   280 | D        | Reached **** piety under Trog
   280 | D        | Reached skill level 10 in Axes
   280 | D        | Reached skill level 5 in Dodging
   309 | D        | Entered arena 5.
   309 | D        | Noticed a merfolk
   309 | D        | Noticed a merfolk
   309 | D        | Noticed a merfolk
   309 | D        | Noticed a merfolk
   309 | D        | Found a transporter.
   317 | D        | Killed a merfolk
   323 | D        | Killed a merfolk
   323 | D        | Reached ***** piety under Trog
   323 | D        | Reached skill level 5 in Polearms
   331 | D        | Killed a merfolk
   331 | D        | Reached XP level 9. HP: 53/68 MP: 9/9
   343 | D        | Killed a merfolk
   584 | D        | Entered arena 6.
   584 | D        | Found a transporter.
   595 | D        | Received a gift from Trog
   653 | D        | Entered arena 7.
   654 | D        | Found a transporter.
   658 | D        | Reached ****** piety under Trog
   662 | D        | Received a gift from Trog
   700 | D        | Entered arena 8.
   700 | D        | Noticed a spriggan druid
   700 | D        | Noticed a spriggan rider
   702 | D        | Found a transporter.
   711 | D        | Killed a spriggan druid
   716 | D        | Reached skill level 10 in Polearms
   717 | D        | Reached XP level 10. HP: 75/75 MP: 10/10
   723 | D        | Received a gift from Trog
   745 | D        | Got the amulet of Ulor {Harm *Drain rElec Slay+2}
   819 | D        | Entered arena 9.
   820 | D        | Found a transporter.
   828 | D        | Received a gift from Trog
   853 | D        | Identified the Collected Works on Contamination and Aid
   855 | D        | Got the ring of Ethics {rC+ Slay+3 SInv}
   863 | D        | Entered arena 10.
   863 | D        | Noticed a cyclops
   863 | D        | Noticed a cyclops
   864 | D        | Identified the +5 flail of Change {crush, rF+ rN+}
   865 | D        | Found a transporter.
   869 | D        | Killed a cyclops
   869 | D        | Reached skill level 10 in Armour
   872 | D        | Received a gift from Trog
   891 | D        | Killed a cyclops
   922 | D        | Got the ring of the Zebra {Fire -Tele rElec rN+ MR+}
   955 | D        | Entered arena 11.
   955 | D        | Noticed a deep elf death mage
   955 | D        | Noticed a deep elf mage
   955 | D        | Noticed a deep elf mage
   955 | D        | Noticed a deep elf archer
   955 | D        | Noticed a short sword of freezing
   955 | D        | Noticed a halberd of distortion
   955 | D        | Noticed an orc high priest
   955 | D        | Noticed a deep elf knight
   955 | D        | Noticed a deep elf archer
   957 | D        | Found a transporter.
   960 | D        | Noticed a rust devil
   961 | D        | Killed a short sword of freezing
   961 | D        | Received a gift from Trog
   961 | D        | Reached skill level 15 in Fighting
   963 | D        | Killed an orc high priest
   963 | D        | Reached XP level 11. HP: 58/81 MP: 11/11
   964 | D        | Killed a deep elf death mage
   964 | D        | Reached skill level 15 in Polearms
   966 | D        | Killed a deep elf knight
   968 | D        | HP: 6/124 [fire elemental[a deep elf mage] (8)]
   968 | D        | HP: 2/124 [halberd of distortion (4)]
   970 | D        | Demolished by a halberd of distortion

Skill      XL: |  1  2  3  4  5  6  7  8  9 10 11 |
---------------+----------------------------------+-----
Fighting       | 5 7 9 12 13 14 15 | 15.6
Axes           | 4 5 7 9 10 11 | 11.0
Armour         | 3 4 5 6 7 9 10 11 | 11.1
Dodging        | 2 3 4 5 6 |  6.3
Polearms       | 1 3 6 10 14 15 | 15.7

Action                   |  1- 3 |  4- 6 |  7- 9 | 10-12 || total
-------------------------+-------+-------+-------+-------++-------
Melee: Demon trident     |     3 |     8 |    89 |    43 ||   143
       Battleaxe         |       |       |       |    10 ||    10
Invok: Berserk           |     1 |     1 |     3 |     2 ||     7
       Burn Spellbooks   |       |     1 |     1 |     2 ||     4
  Use: Potion            |       |       |       |     2 ||     2
       Scroll            |       |       |       |     1 ||     1
  Eat: Chunk             |       |       |     1 |     1 ||     2
       Ration            |       |       |     1 |       ||     1
Armor: Shadow dragon sca |       |     4 |    52 |    53 ||   109
Dodge: Dodged            |       |     9 |    62 |    53 ||   124
